 Dungeon Crawl Stone Soup version 0.21.1-1-g345015fe64 (webtiles) character file.

314 NullDivider the Charlatan (level 6, -4/32 HPs)
             Began as a Spriggan Artificer on Apr 3, 2018.
             Killed from afar by Dowan (26 damage)
             ... with a shard of ice
             ... on level 4 of the Dungeon.
             The game lasted 00:12:41 (4431 turns).

NullDivider the Charlatan (Spriggan Artificer)      Turns: 4431, Time: 00:12:42

Health: -4/32      AC:  2    Str:  8    XL:     6   Next: 19%
Magic:  10/10      EV: 20    Int: 13    God:
Gold:   182        SH:  0    Dex: 18    Spells: 5/5 levels left

rFire    . . .     SeeInvis +   r - +1 dagger (protect)
rCold    . . .     Gourm    .   (shield restricted)
rNeg     . . .     Faith    .   b - +0 robe
rPois    .         Spirit   .   (helmet restricted)
rElec    .         Reflect  .   (no cloak)
rCorr    .         Harm     .   (gloves unavailable)
MR       +....                  (boots unavailable)
Stlth    +++.......             (no amulet)
HPRegen  0.10/turn              (no ring)
MPRegen  0.12/turn              (no ring)

@: very quick
A: very small, unfitting armour, see invisible, herbivore, speed 3, slow
metabolism 2
a: no special abilities


You were on level 4 of the Dungeon.
You were not hungry.

You visited 1 branch of the dungeon, and saw 4 of its levels.

You collected 182 gold pieces.

Inventory:

Hand Weapons
 r - a +1 dagger of protection (weapon)
Armour
 b - a +0 robe (worn)
Wands
 c - a wand of flame (16)
 d - a wand of enslavement (10)
 e - a wand of random effects (15)
Scrolls
 g - 2 scrolls of identify {unknown}
 h - a scroll of enchant weapon {unknown}
 i - a scroll of random uselessness {unknown}
 j - 4 scrolls of enchant armour {unknown}
 k - a scroll of magic mapping {unknown}
 m - 3 scrolls of remove curse {unknown}
 n - 3 scrolls of teleportation {unknown}
Potions
 l - a potion of ambrosia {unknown}
 o - 3 potions of haste {unknown}
 p - 2 potions of heal wounds {unknown}
 q - a potion of brilliance {unknown}
Comestibles
 f - 11 rations


   Skills:
 * Level 2.9 Fighting
 + Level 2.7 Short Blades
 + Level 4.8 Dodging
 + Level 4.1 Stealth
 + Level 5.3 Evocations


You had 5 spell levels left.
You didn't know any spells.

Dungeon Overview and Level Annotations

Branches:
Dungeon (4/15)
 Temple: D:4-7

Altars:
Hepliaklqana
Xom

Annotations:
D:4 Dowan


Innate Abilities, Weirdness & Mutations

You are very small and have problems with some larger weapons.
You are too small for most types of armour.
You have supernaturally acute eyesight. (SInv)
You are a herbivore.
You cover ground extremely quickly.
You need consume almost no food.


Message History

You kill Duvessa!
You hear a distant wail of despair.
Your Stealth skill increases to level 4!
You have reached level 6!
Your experience leads to an increase in your attributes!
Increase (S)trength, (I)ntelligence, or (D)exterity?
You feel agile.
Things that are here:
a short sword; a leather armour You start resting.
Dowan seems to find hidden reserves of power!
Dowan shouts!
Dowan casts a spell.
Dowan blinks!
Dowan barely misses you. Dowan barely misses you.
Dowan gestures at you while chanting. The shard of ice hits you!
Ouch! That really hurt!
You die...

############ #########
#<.........# ##...#...##
#).........# ##.........##
#..........####...........#
##............[.@ยง......)..#
............####...........#
##.........(# ###.........##
##..........###..e...#...##
#..............##########
##......#.....###
#....########...##### ...###
###..(..### ).## #####.#.#


You could see Dowan.

Vanquished Creatures
  Duvessa (D:4)
  A worker ant (D:4)
  A hound skeleton (D:4)
  6 adders
  An ooze (D:4)
  3 worms (D:2)
  2 dart slugs (D:2)
  2 leopard geckos
  14 orcs
  8 bats
  5 giant cockroaches
  4 goblins
  5 hobgoblins
  13 jackals
  2 quokkas
  A ball python (D:1)
  4 frilled lizards
  A jackal skeleton (D:4)
  8 kobolds
  11 rats
93 creatures vanquished.

Notes
Turn   | Place    | Note
-------+----------+-------------------------------------------
     0 | D:1      | NullDivider the Spriggan Artificer began the quest for the Orb.
     0 | D:1      | Reached XP level 1. HP: 9/9 MP: 4/4
   190 | D:1      | Reached skill level 1 in Fighting
   391 | D:1      | Reached XP level 2. HP: 4/14 MP: 6/6
  1078 | D:1      | You fall through a shaft!
  1380 | D:2      | Reached XP level 3. HP: 18/18 MP: 7/7
  2134 | D:2      | Reached XP level 4. HP: 11/23 MP: 8/8
  2564 | D:2      | Found a hazy altar of Hepliaklqana.
  2565 | D:2      | Found a shimmering altar of Xom.
  2565 | D:2      | Noticed an unseen horror
  2566 | D:2      | Noticed an unseen horror
  2566 | D:2      | Noticed a spectral ugly thing
  3653 | D:3      | Reached XP level 5. HP: 26/26 MP: 9/9
  4153 | D:4      | Reached skill level 5 in Evocations
  4318 | D:4      | Noticed Dowan
  4360 | D:4      | Noticed Duvessa
  4418 | D:4      | Killed Duvessa
  4418 | D:4      | Reached XP level 6. HP: 21/32 MP: 10/10
  4431 | D:4      | Killed from afar by Dowan

Skill      XL: |  1  2  3  4  5 |
---------------+----------------+-----
Fighting       | 1 2 |  2.9
Stealth        | 2 3 4 |  4.1
Short Blades   | 2 |  2.7
Dodging        | 4 |  4.8
Evocations     | 5 |  5.3

Action                   |  1- 3 |  4- 6 || total
-------------------------+-------+-------++-------
Melee: Short sword       |   202 |   145 ||   347
       Dagger            |       |   108 ||   108
Evoke: Wand              |     4 |    27 ||    31
 Stab: Sleeping          |     4 |     6 ||    10
       Distracted        |     1 |       ||     1
  Eat: Ration            |       |     1 ||     1
Armor: Robe              |    12 |    36 ||    48
Dodge: Dodged            |   179 |   240 ||   419
